 Dungeon Crawl Stone Soup version 0.13-a0-1614-gd69a504 (webtiles) character file.

15682 IAMA the Pandemonic (level 11, -1/76 HPs)
             Began as a Mummy Wanderer on June 15, 2013.
             Was a High Priest of Makhleb.
             Slain by a black mamba (7 damage)
             ... on Level 4 of the Lair of Beasts.
             The game lasted 00:50:46 (16040 turns).

IAMA the Pandemonic (Mummy Wanderer)               Turns: 16040, Time: 00:50:46

HP  -1/76        AC 14     Str 17      XL: 11   Next: 94%
MP  24/24        EV 16     Int 11      God: Makhleb [*****.]
Gold 815         SH  0     Dex 12      Spells:  0 memorised, 10 levels left

Res.Fire  : + . .   See Invis. : .   x - +4,+9 whip "Arbiter" {flame, rF+ Curse}
Res.Cold  : + . .   Warding    : +   D - +0 leather armour {rF+} (curse)
Life Prot.: + + +   Conserve   : .   (no shield)
Res.Poison: +       Res.Corr.  : .   n - +1 helmet
Res.Elec. : .       Clarity    : .   I - +2 cloak
Sust.Abil.: . .     Spirit.Shd : .   (no gloves)
Res.Mut.  : .       Stasis     : .   i - +2 pair of boots
Res.Rott. : +       Flight     : .   O - amulet of warding
Saprovore : . . .                    C - ring of protection from magic
                                     A - cursed +3 ring of protection

@: about to teleport, very resistant to hostile enchantments, fairly stealthy
A: no food or potions, fire vulnerability, restore body, cold resistance 1, life
protection 3, poison resistance, torment resistance, unbreathing
a: Minor Destruction, Lesser Servant of Makhleb, Major Destruction, Greater
Servant of Makhleb, Renounce Religion


You were on level 4 of the Lair of Beasts.
You worshipped Makhleb.
Makhleb was exalted by your worship.
You were not hungry.

You visited 2 branches of the dungeon, and saw 14 of its levels.

You collected 890 gold pieces.
You spent 125 gold pieces at shops.

Inventory:

Hand weapons
 d - a +0,+0 dagger (quivered)
 k - a +1,+2 sling
 x - the cursed +4,+9 whip "Arbiter" (weapon) {flame, rF+ Curse}
   (You found it on level 5 of the Dungeon)

   It emits flame when wielded, causing extra injury to most foes and up to
   double damage against particularly susceptible opponents.
   It protects you from fire.
   It may recurse itself.
   It has a curse placed upon it.
 E - a +0 blowgun
Missiles
 c - 3 needles of sleeping
 g - 21 poisoned needles
 H - 21 sling bullets
Armour
 h - a cursed +0 cloak
 i - a +2 pair of boots (worn)
 n - a +1 helmet (worn)
 D - a cursed +0 leather armour of fire resistance (worn)
 I - a +2 cloak (worn)
Magical devices
 a - a wand of frost (0)
 b - a wand of slowing (11)
 j - a wand of teleportation (8)
 m - a wand of disintegration (10)
 t - a wand of enslavement (0)
 B - a wand of enslavement (5)
 K - a wand of flame (5)
 R - a wand of enslavement (14)
 T - a wand of slowing (5)
 V - a wand of slowing (12)
 Z - a wand of cold (4) {unknown}
Scrolls
 l - 2 scrolls of amnesia
 o - 7 scrolls of remove curse
 p - a scroll of identify
 y - 3 scrolls of magic mapping
 M - 4 scrolls of enchant weapon II
 N - 3 scrolls of teleportation
 P - a scroll of fog
Jewellery
 q - an uncursed ring of ice
 A - a cursed +3 ring of protection (left hand)
 C - a ring of protection from magic (right hand)
 G - an uncursed ring of protection from fire
 L - an uncursed ring of protection from cold
 O - an amulet of warding (around neck)
 Q - an uncursed amulet of conservation
 X - an uncursed ring of protection from magic
Potions
 f - a potion of curing {unknown}
Books
 e - a book of Flames

   Spells                             Type                      Level
   Flame Tongue                       Conjuration/Fire             1
   Throw Flame                        Conjuration/Fire             2
   Conjure Flame                      Conjuration/Fire             3
   Inner Flame                        Hexes/Fire                   3
   Sticky Flame                       Conjuration/Fire             4
   Fireball                           Conjuration/Fire             5
 U - a book of the Warp

   Spells                             Type                      Level
   Recall                             Summoning/Translocation      3
   Control Teleport                   Charms/Translocation         4
   Phase Shift                        Translocation                5
   Warp Weapon                        Charms/Translocation         5
   Dispersal                          Translocation                6
   Controlled Blink                   Translocation                7
   Disjunction                        Translocation                8


   Skills:
 - Level 5.7 Fighting
   Level 6.3 Axes
 - Level 8.4 Maces & Flails
 - Level 1.0 Armour
 + Level 9.8 Dodging
 - Level 2.4 Stealth
   Level 1.0 Shields
 - Level 10.0 Invocations
 - Level 1.0 Evocations


You had 10 spell levels left.
You didn't know any spells.

Dungeon Overview and Level Annotations

Branches:
Dungeon (10/27)            Temple (0/1) D:7             Orc (0/4) D:9
   Lair (4/8) D:10         Shoals (0/5) Lair:4        Snake (0/5) Lair:3

Altars:
Ashenzari
Elyvilon
Fedhas
Makhleb
Nemelex Xobeh
Okawaru
Sif Muna
Trog
Xom

Shops:
D:5: ? D:9: (

Portals:
Ziggurat: D:8 (2830 gp)


Innate Abilities, Weirdness & Mutations

You do not eat or drink.
Your flesh is vulnerable to fire.
Your flesh is cold resistant.
You are immune to negative energy.
Your system is resistant to poisons.
You are immune to unholy pain and torment.
You can survive without breathing.


Message History

One of your 4 scrolls of teleportation catches fire!
* * * LOW HITPOINT WARNING * * *
The black mamba barely misses you.
Unknown command.
Unknown command.
Read which item? (? for menu, Esc to quit)
Okay, then.
You can't drink.
Evoke which item? (* to show all) (? for menu, Esc to quit)
Okay, then.
Unknown command.
Unknown command.
Read which item? (? for menu, Esc to quit)
Okay, then.
Evoke which item? (* to show all) (? for menu, Esc to quit)
Zapping:
R - a wand of enslavement
Press: ? - help, Shift-Dir - straight line, f - black mamba
Aim: a black mamba (moderately wounded)
The black mamba easily resists.
The black mamba bites you!
You die...

## ### #. ##P#
#.####..######### #.
#.#.....#P.PS@#
.###>.........rP#j.P#
........................
....................###.
........).ff##....f#.#
.....#.##.#####.#..###
......##### ######
##...## ..)..#


You could see a giant slug (sleeping), a black mamba and a rat.

Vanquished Creatures
  Gastronok (Lair:1)
  Fannar (Lair:3)
  3 spiny frogs (Lair:2)
  A black mamba (Lair:3)
  A komodo dragon (Lair:3)
  A troll (D:10)
  2 blink frogs (Lair:3)
  A hungry ghost (D:9)
  The ghost of disskorpion the Skirmisher, an average GrFi (D:3)
  7 yaks
  Eustachio (D:10)
  5 hippogriffs
  A fire drake (Lair:2)
  3 necrophages
  A manticore (D:8)
  A phantom (D:9)
  An ice beast (D:10)
  A yellow wasp (D:9)
  3 black bears
  A naga (Lair:3)
  3 sky beasts
  A troll skeleton (D:10)
  2 centaurs (D:8)
  4 crocodiles
  3 orc warriors
  4 ogres
  Duvessa (D:7)
  3 giant slugs (Lair:1)
  4 water moccasins
  A giant frog zombie (D:7)
  11 giant frogs
  A centaur skeleton (D:8)
  4 agate snails
  12 wights
  A crimson imp (D:6)
  2 killer bees (D:7)
  An ogre zombie (D:9)
  5 hounds
  2 orc priests
  3 goliath beetles
  2 hound zombies
  An ogre skeleton (D:9)
  9 orc wizards
  A scorpion (D:6)
  8 worker ants
  7 iguanas
  4 porcupines
  A goliath beetle zombie (D:8)
  A mummy (D:10)
  16 adders
  2 giant centipedes
  2 giant mites
  6 green rats (Lair:1)
  An adder skeleton (D:5)
  5 worms
  A bat skeleton (D:6)
  4 giant eyeballs
  12 giant geckos
  3 oozes
  24 orcs
  22 bats
  10 goblins
  13 hobgoblins
  18 jackals
  13 kobolds
  7 quokkas
  2 ball pythons
  5 giant cockroaches
  A giant gecko zombie (D:5)
  17 giant newts
  A goblin skeleton (D:4)
  A hobgoblin skeleton (D:6)
  2 kobold zombies
  An orc skeleton (D:8)
  An orc zombie (D:5)
  A quokka skeleton (D:4)
  A quokka zombie (D:6)
  16 rats
  A ballistomycete (D:8)
  2 plants
350 creatures vanquished.

Vanquished Creatures (collateral kills)
  Pikel (D:8)
  A hill giant (D:10)
  Joseph (D:7)
  A griffon (Lair:4)
  A komodo dragon (Lair:2)
  2 blink frogs (Lair:3)
  A wyvern (D:8)
  4 yaks (Lair:2)
  2 slaves (D:8)
  An ogre (D:8)
  3 nagas (Lair:3)
  Blork the orc (D:8)
  An agate snail (Lair:4)
  3 killer bees (D:7)
  An orc priest (D:7)
  Dowan (D:7)
  A crimson imp (D:5)
  An iguana (Lair:4)
  2 hounds
  2 orc wizards (D:7)
  2 adders
  2 orcs
  2 bats (D:7)
  2 hobgoblins (D:7)
  2 jackals (Lair:2)
41 creatures vanquished.

Vanquished Creatures (others)
  A ynoxinul (D:8)
  A slave (D:8)
  A giant frog (Lair:1)
  2 orc priests (D:8)
  2 orcs
  A kobold (D:2)
  A giant spore (D:8)
  A goblin (D:2)
10 creatures vanquished.

Grand Total: 401 creatures vanquished

Notes
Turn   | Place    | Note
--------------------------------------------------------------
     0 | D:1      | IAMA, the Mummy Wanderer, began the quest for the Orb.
     0 | D:1      | Reached XP level 1. HP: 14/14 MP: 1/1
   342 | D:1      | Reached XP level 2. HP: 20/20 MP: 2/2
   791 | D:1      | Reached skill level 3 in Maces & Flails
  1032 | D:2      | Found a white marble altar of Elyvilon.
  1303 | D:2      | Found a deep blue altar of Sif Muna.
  1372 | D:2      | Reached skill level 1 in Axes
  1372 | D:2      | Reached XP level 3. HP: 18/25 MP: 3/3
  1962 | D:2      | Noticed a moth of wrath
  2090 | D:2      | Found a bloodstained altar of Trog.
  2555 | D:3      | Noticed disskorpion's ghost (average GrFi)
  2872 | D:3      | Reached XP level 4. HP: 27/31 MP: 4/4
  3157 | D:5      | Entered Level 5 of the Dungeon
  3160 | D:5      | Noticed a yak
  3160 | D:5      | Noticed a yak
  3161 | D:5      | Noticed a yak
  3163 | D:5      | Noticed a yak
  3164 | D:5      | Noticed a yak
  3165 | D:5      | Noticed a yak
  3180 | D:5      | a yak (ally) was killed
  3186 | D:5      | a yak (ally) was killed
  3186 | D:5      | Reached XP level 5. HP: 32/36 MP: 5/5
  3190 | D:5      | Reached skill level 4 in Axes
  3195 | D:5      | a yak (ally) was killed
  3201 | D:5      | Killed a yak
  3210 | D:5      | a yak (ally) was killed
  3220 | D:5      | Killed a yak
  3220 | D:5      | Reached skill level 5 in Axes
  3220 | D:5      | Reached XP level 6. HP: 33/42 MP: 7/7
  3641 | D:5      | Found Waada's Magic Scroll Boutique.
  3646 | D:5      | Bought a scroll of recharging for 55 gold pieces
  3646 | D:5      | Bought a scroll of fear for 35 gold pieces
  3646 | D:5      | Bought a scroll of magic mapping for 35 gold pieces
  3705 | D:5      | Noticed an ogre
  3710 | D:5      | Found a burning altar of Makhleb.
  3711 | D:5      | Noticed a necrophage
  3716 | D:5      | Killed a necrophage
  3716 | D:5      | Reached skill level 6 in Axes
  3716 | D:5      | Reached XP level 7. HP: 35/47 MP: 8/8
  3800 | D:5      | Got a twisted whip
  3801 | D:5      | Became a worshipper of Makhleb the Destroyer
  3914 | D:5      | Identified the whip "Arbiter" {flame, rF+ Curse} (You found it on level 5 of the Dungeon)
  4323 | D:4      | Acquired Makhleb's first power
  4914 | D:3      | Killed disskorpion's ghost
  4914 | D:3      | Reached skill level 5 in Maces & Flails
  5206 | D:2      | Found a shattered altar of Ashenzari.
  5329 | D:5      | Killed an ogre
  5432 | D:5      | Reached XP level 8. HP: 54/54 MP: 9/9
  5459 | D:5      | Acquired Makhleb's second power
  5751 | D:6      | Found an iron altar of Okawaru.
  5822 | D:6      | Paralysed by a giant eyeball for 3 turns
  5835 | D:6      | Reached skill level 1 in Invocations
  6130 | D:6      | Reached skill level 7 in Maces & Flails
  6280 | D:6      | Found a shattered altar of Ashenzari.
  6518 | D:7      | Got a slimy battleaxe
  6525 | D:7      | Identified the cursed +6,+0 battleaxe of Xoleuvi {elec, Dex+3} (You found it on level 7 of the Dungeon)
  6589 | D:7      | Acquired Makhleb's third power
  7139 | D:7      | Reached XP level 9. HP: 59/59 MP: 14/14
  7153 | D:7      | Found a staircase to the Ecumenical Temple.
  7418 | D:7      | Noticed Joseph
  7839 | D:7      | Noticed Duvessa
  7844 | D:7      | Noticed Dowan
  7845 | D:7      | Killed Duvessa
  7849 | D:7      | Killed Dowan
  8210 | D:7      | Acquired Makhleb's fourth power
  8210 | D:7      | Reached skill level 8 in Maces & Flails
  8243 | D:7      | Killed Joseph
  8243 | D:7      | Reached skill level 5 in Invocations
  8759 | D:8      | Found a blossoming altar of Fedhas.
  8908 | D:8      | Noticed Pikel
  9077 | D:8      | Found a shimmering altar of Xom.
  9112 | D:8      | Found a gateway to a ziggurat.
  9242 | D:8      | Reached XP level 10. HP: 62/65 MP: 20/20
  9481 | D:8      | Noticed Blork the orc
  9588 | D:8      | Killed Pikel
  9594 | D:8      | Killed Blork the orc
  9741 | D:8      | Found a sparkling altar of Nemelex Xobeh.
  9742 | D:8      | Noticed a slime creature
 10149 | D:9      | Acquired Makhleb's fifth power
 10363 | D:9      | Found Bliaxana's Antique Weapon Emporium.
 10437 | D:10     | Entered Level 10 of the Dungeon
 10445 | D:10     | Noticed Eustachio
 10464 | D:10     | Killed Eustachio
 10573 | D:10     | Found a staircase to the Lair.
 10587 | D:10     | Reached skill level 9 in Invocations
 10616 | D:10     | Found a deep blue altar of Sif Muna.
 10767 | D:10     | Found a shimmering altar of Xom.
 10770 | D:10     | Noticed a hill giant
 10792 | D:10     | Killed a hill giant
 11108 | D:9      | Paralysed by a giant eyeball for 2 turns
 11319 | D:9      | Reached skill level 10 in Invocations
 11922 | D:9      | Found a staircase to the Orcish Mines.
 12385 | D:10     | Reached skill level 5 in Fighting
 12551 | Lair:1   | Entered Level 1 of the Lair of Beasts
 12662 | Lair:1   | Reached skill level 1 in Dodging
 13043 | Lair:1   | Reached XP level 11. HP: 69/76 MP: 24/24
 13421 | Lair:1   | Noticed Gastronok
 13441 | Lair:1   | Killed Gastronok
 13441 | Lair:1   | Reached skill level 5 in Dodging
 14762 | Lair:3   | Found a staircase to the Snake Pit.
 15439 | Lair:4   | Noticed Fannar
 15859 | Lair:3   | Killed Fannar
 15868 | Lair:4   | Found a staircase to the Shoals.
 16036 | Lair:4   | Noticed a balrug
 16040 | Lair:4   | Slain by a black mamba

Action                   |  1- 3 |  4- 6 |  7- 9 | 10-12 || total
-------------------------+-------+-------+-------+-------++-------
Melee: Mace              |    72 |       |       |       ||    72
       Hand axe          |    69 |    66 |     5 |       ||   140
       Whip              |       |       |   462 |   776 ||  1238
 Fire: Sling             |    17 |     2 |       |       ||    19
       Blowgun           |       |       |     8 |       ||     8
Throw: Dagger            |       |       |     1 |       ||     1
Invok: Lesser Servant of |       |       |     3 |     5 ||     8
       Major Destruction |       |       |       |     6 ||     6
       Greater Servant o |       |       |       |     5 ||     5
Evoke: Wand              |     4 |    31 |     8 |    16 ||    59
  Use: Scroll            |     8 |     3 |     9 |    10 ||    30
 Stab: Sleeping          |       |       |     5 |       ||     5
       Distracted        |       |       |     2 |     2 ||     4
